 Dungeon Crawl Stone Soup version 0.30-a0-586-g23e55c9e0a (webtiles) character file.

Game seed: 14159418173281458928

96 vineage the Trooper (level 4, 0/32 HPs)
             Began as a Gargoyle Fighter on Jan 3, 2023.
             Slain by a goblin
             ... wielding a +0 club
             ... led by Robin
              (5 damage)
             ... on level 3 of the Dungeon.
             The game lasted 00:01:19 (1431 turns).

vineage the Trooper (Gargoyle Fighter)              Turns: 1431, Time: 00:01:20

Health: 0/32       AC: 14    Str: 22    XL:     4   Next: 67%
Magic:  4/4        EV:  7    Int:  8    God:
Gold:   101        SH:  4    Dex:  9    Spells: 3/3 levels left

rFire   + . .      SeeInvis .    a - +0 flail
rCold   . . .      Faith    .    c - +0 buckler
rNeg    + . .      Spirit   .    o - +2 chain mail {rF+}
rPois   ∞          Reflect  .    (no helmet)
rElec   +          Harm     .    (no cloak)
rCorr   .          Rampage  .    (no gloves)
Will    .....                    (no boots) Stlth
                                 (no amulet)
HPRegen 0.25/turn                (no ring)
MPRegen 0.09/turn                (no ring)

@: no status effects
A: sickness immunity, AC +3, negative energy resistance 1, electricity
resistance, torment resistance 1, petrification resistance
a: no special abilities


You were on level 3 of the Dungeon.
You visited 1 branch of the dungeon, and saw 3 of its levels.

You collected 101 gold pieces.

Inventory:

Hand Weapons
 a - a +0 flail (weapon)
Armour
 b - a +0 scale mail
 c - a +0 buckler (worn)
 o - a +2 chain mail of fire resistance (worn)
Jewellery
 f - a +6 ring of intelligence
Wands
 r - a wand of charming (6)
Scrolls
 p - 2 scrolls of amnesia
Potions
 d - a potion of might
 e - a potion of magic {unknown}
 h - a potion of degeneration {unknown}
 j - a potion of mutation {unknown}
 l - a potion of lignification {unknown}
 m - a potion of brilliance {unknown}
 n - a potion of flight {unknown}


   Skills:
 * Level 5.8 Fighting
 - Level 2.0 Maces & Flails
 - Level 3.2 Armour
 - Level 3.2 Shields


You had 3 spell levels left.
You didn't know any spells.
Your spell library was empty.

Dungeon Overview and Level Annotations

Branches:
Dungeon (3/15)

Altars:
Hepliaklqana


Innate Abilities, Weirdness & Mutations

You are immune to sickness and miasma.
Your stone body is resilient. (AC +3)
You are immune to poison.
You resist negative energy. (rN+)
You are resistant to electric shocks. (rElec)
You are resistant to unholy torment.
You are immune to petrification.


Message History

The goblin hits you with a +0 club. The goblin hits you but does no damage.
You hit the goblin.
The goblin is heavily wounded.
You block the goblin's attack. The goblin hits you but does no damage.
You barely miss the goblin.
The goblin is heavily wounded.
The goblin no longer looks unusually strong.
Robin throws the goblin at you! The goblin hits you with a +0 club.
The goblin hits you but does no damage. x3
You hit Robin.
Robin is lightly wounded.
The goblin barely misses you. You block Robin's attack.
You block the goblin's attack.
You barely miss Robin.
Robin is lightly wounded.
You block Robin's attack. The goblin hits you but does no damage.
The goblin barely misses you.
You barely miss Robin.
Robin is lightly wounded.
The goblin no longer looks unusually strong.
Robin hits you but does no damage.
The goblin hits you but does no damage. x2
You block Robin's attack. The goblin hits you but does no damage.
The goblin barely misses you.
You hit Robin.
Robin is heavily wounded.
You block the goblin's attack.
Robin roars a battlecry!
The goblins go into a battle-frenzy!
The goblin closely misses you.
You sock Robin!
You kill Robin!
The hobgoblin no longer looks unusually strong.
The goblin hits you but does no damage. The goblin hits you with a +0 club.
* * * LOW HITPOINT WARNING * * *
You hit the hobgoblin.
You kill the hobgoblin!
You block the goblin's attack. The goblin hits you with a +0 club.
* * * LOW HITPOINT WARNING * * *
The goblin hits you with a +0 club.
You die...

#.....####.# #
#..........#.#.#
#####........#.####
###...####....#
##......?...# ##
#..........# ..
#..#..####.#.####
#..#..####g......
#..!..#))@g#
#.###.).####
.......#.)g#
##.####.#.#g.# #.
#.#.##...# ..#.#
##... ###.# #> ..#
###


You could see 2 goblins.

Vanquished Creatures
  Terence (D:2)
  Robin (D:3)
  2 adders (D:2)
  3 endoplasms
  13 goblins
  6 hobgoblins
  A quokka (D:1)
  5 ball pythons
  5 bats
  2 frilled lizards (D:1)
  2 kobolds (D:2)
41 creatures vanquished.

Notes
Turn   | Place    | Note
-------+----------+-------------------------------------------
     0 | D:1      | vineage the Gargoyle Fighter began the quest for the Orb.
     0 | D:1      | Reached XP level 1. HP: 14/14 MP: 1/1
   153 | D:1      | Reached XP level 2. HP: 13/20 MP: 2/2
   283 | D:1      | Reached skill level 4 in Fighting
   550 | D:1      | Reached XP level 3. HP: 18/24 MP: 3/3
   834 | D:2      | Found a hazy altar of Hepliaklqana.
   894 | D:2      | Noticed Terence
   914 | D:2      | Killed Terence
   915 | D:2      | Reached skill level 5 in Fighting
  1000 | D:2      | Reached XP level 4. HP: 15/31 MP: 4/4
  1393 | D:3      | Noticed Robin
  1430 | D:3      | Killed Robin
  1431 | D:3      | Slain by a goblin

Illustrated notes

Levels and vault maps discovered:
D:1:      sevenhm_arrival_forest_fort_small_5, layout_loops_ring
D:2:      layout_rooms, basic_altar, uniq_terence
D:3:      layout_basic, cheibriados_altar_1, uniq_crazy_yiuf_cottage,
          uniq_robin, uniq_natasha, uniq_sigmund

Skill      XL: |  1  2  3 |
---------------+----------+-----
Fighting       | 4 5 |  5.8
Maces & Flails | |  2.0
Armour         | |  3.2
Shields        | |  3.2

Action                   |  1- 3 |  4- 6 || total
-------------------------+-------+-------++-------
Melee: Flail             |    98 |    54 ||   152
  Use: Scroll            |       |     5 ||     5
Armor: Scale mail        |    62 |       ||    62
       Chain mail        |     3 |    78 ||    81
Dodge: Dodged            |    45 |    37 ||    82
Block: Buckler           |    21 |    25 ||    46

Table legend: (Time is in decaauts)
 A = Elapsed time spent in this place.
 B = Non-inter-level travel time spent in this place.
 C = Inter-level travel time spent in this place.
 D = Time resting spent in this place.
 E = Time spent auto-exploring this place.
 F = Levels seen in this place.
 G = Mean time per level.
                   A        B        C        D        E       F      G
               +--------+--------+--------+--------+--------+-----+--------+
         Total |   1488 |   1442 |     46 |      0 |   1120 |   3 |  496.0 |
       Dungeon |   1488 |   1442 |     46 |      0 |   1120 |   3 |  496.0 |
               +--------+--------+--------+--------+--------+-----+--------+

Top non-repeatable levels by time:
     D:1: 865 daAuts
     D:2: 559 daAuts
     D:3: 64 daAuts
